 Dungeon Crawl Stone Soup version 0.23.2 (webtiles) character file.

Game seed: 12472932153034765127

3453 Volyz the Fighter (level 9, -5/89 HPs)
             Began as a Minotaur Berserker on Apr 7, 2019.
             Was a High Priest of Trog.
             Slain by an orc warrior
             ... wielding a +0 flail
              (11 damage)
             ... on level 8 of the Dungeon.
             The game lasted 00:26:26 (7056 turns).

Volyz the Fighter (Minotaur Berserker)              Turns: 7056, Time: 00:26:29

Health: -5/89      AC: 19    Str: 26    XL:     9   Next: 78%
Magic:  8/8        EV: 17    Int:  4    God:    Trog [*****.]
Gold:   368        SH:  0    Dex: 14    Spells: 8/8 levels left

rFire    . . .     SeeInvis .   v - +1 falchion (protect)
rCold    . . .     Gourm    .   (no shield)
rNeg     . . .     Faith    .   x - +0 chain mail
rPois    .         Spirit   .   (helmet restricted)
rElec    .         Reflect  .   (no cloak)
rCorr    .         Harm     .   K - +0 pair of gloves
MR       .....                  (no boots)
Stlth    ..........             (no amulet)
HPRegen  0.24/turn              (no ring)
MPRegen  0.11/turn              M - ring of stealth

@: agile, protection aura, berserk cooldown, flying, slowed, very slow
A: retaliatory headbutt, horns 2
a: Berserk, Trog's Hand, Brothers in Arms, Renounce Religion


You were on level 8 of the Dungeon.
You worshipped Trog.
Trog was extremely pleased with you.
You were not hungry.

You visited 1 branch of the dungeon, and saw 8 of its levels.

You collected 368 gold pieces.

Inventory:

Hand Weapons
 a - a +0 falchion
 o - a +0 hunting sling
 t - a +0 spear
 v - a +1 falchion of protection (weapon)
 H - a +0 shortbow
Missiles
 k - 4 poisoned needles
 n - 116 arrows
 u - 27 bolts
 B - 209 stones (quivered)
 F - a throwing net
Armour
 b - a +0 animal skin
 e - a +0 robe
 x - a +0 chain mail (worn)
 K - a +0 pair of gloves (worn)
Jewellery
 M - a ring of stealth (right hand)
Wands
 I - a wand of acid (7)
 L - a wand of paralysis (7)
Scrolls
 d - a scroll of immolation
 h - 2 scrolls of remove curse
 l - 6 scrolls of identify
 m - a scroll of noise {unknown}
 q - 4 scrolls of enchant weapon {unknown}
 s - 5 scrolls of teleportation
 w - a scroll of fear {unknown}
 y - 4 scrolls of random uselessness {unknown}
 z - a scroll of fog {unknown}
 G - 3 scrolls of amnesia {unknown}
Potions
 g - a potion of heal wounds
 i - 2 potions of flight
 j - 2 potions of agility
 p - a potion of brilliance {unknown}
 r - a potion of lignification {unknown}
 C - a potion of resistance {unknown}
 J - 2 potions of invisibility {unknown}
Comestibles
 c - 10 rations


   Skills:
 * Level 11.0 Fighting
 + Level 8.6 Long Blades
 + Level 7.7 Armour
 + Level 7.1 Dodging


You had 8 spell levels left.
You didn't know any spells.
Your spell library contained the following spells:

 Spells                   Type           Power        Failure   Level  Hunger
 Magic Dart               Conj           #...         96%         1    ##.....
 Blink                    Tloc           N/A          99%         2    ###....
 Call Imp                 Summ           #.......     99%         2    ###....
 Slow                     Hex            #.......     99%         2    ###....
 Conjure Flame            Conj/Fire      #.......     100%        3    ####...
 Mephitic Cloud           Conj/Pois/Air  #.......     100%        3    ####...


Dungeon Overview and Level Annotations

Branches:
Dungeon (8/15)             Temple (0/1) D:7
   Lair: D:8-11

Altars:
Zin


Innate Abilities, Weirdness & Mutations

You reflexively headbutt those who attack you in melee.
You have a pair of horns on your head.


Message History

The orc warrior hits you but does no damage.
The orc priest invokes the aid of Beogh against you.
Beogh smites you!
* * * LOW HITPOINT WARNING * * *
It was a potion of flight.
You feel very buoyant.
You fly up into the air.
The orc priest invokes the aid of Beogh against you.
Beogh smites you!
* * * LOW HITPOINT WARNING * * *
The orc warrior hits you but does no damage.
The orc priest looks satisfied for a moment.
You hear a loud, deep croak!
It was a potion of agility.
You feel agile all of a sudden. The orc warrior closely misses you.
The orc priest calls upon Beogh to heal the orc warrior.
The orc warrior is healed somewhat.
The orc warrior hits you with a +0 flail!
You die...

#..#.#.## .#
#......... # #o#
#.#..#.#.## #. #..#
#..#..#.#... #. #..#
#..##... #... #..
#.o# #..##..####...
#.. ..#..##.....)...#
#..###o###..#.####..#
#.)@oo)...##.# #..#
#####.######)# ##.#
#.# #.####... ..#
#..##.... #.##
####..... #. #..._.
.. #..... ## ##....
##...


You could see an orc warrior and 2 orc priests.

Vanquished Creatures
  Pikel (D:8)
  An ugly thing (D:8)
  A troll (shapeshifter) (D:8)
  A troll (D:7)
  A hippogriff (D:7)
  A hungry ghost (D:7)
  An orc warrior (D:3)
  A sky beast (D:5)
  A slave (D:8)
  A phantom (D:7)
  3 ogres
  2 centaurs
  A big kobold (D:8)
  2 bullfrogs (D:8)
  2 scorpions (D:4)
  A howler monkey (D:8)
  A hound (D:8)
  An orc priest (D:3)
  A bullfrog zombie (D:4)
  A jelly (D:6)
  6 orc wizards
  2 centaur skeletons (D:4)
  2 iguanas
  5 worker ants
  A killer bee zombie (D:8)
  2 hound skeletons (D:4)
  Robin (D:3)
  A worker ant zombie (D:8)
  8 adders
  2 oozes
  2 adder skeletons (D:4)
  3 adder zombies
  6 worms
  3 dart slugs
  9 leopard geckos
  21 orcs
  6 giant cockroaches
  13 goblins
  8 hobgoblins
  8 jackals
  6 quokkas
  2 ball pythons
  9 bats
  3 frilled lizards
  A giant cockroach zombie (D:4)
  2 jackal zombies (D:4)
  7 kobolds
  A leopard gecko skeleton (D:7)
  A quokka skeleton (D:4)
  3 quokka zombies
  17 rats
186 creatures vanquished.

Vanquished Creatures (others)
  A centaur zombie (D:8)
1 creature vanquished.

Grand Total: 187 creatures vanquished

Notes
Turn   | Place    | Note
-------+----------+-------------------------------------------
     0 | D:1      | Volyz the Minotaur Berserker began the quest for the Orb.
     0 | D:1      | Reached XP level 1. HP: 19/19 MP: 0/0
    83 | D:1      | Reached XP level 2. HP: 21/27 MP: 1/1
   232 | D:1      | Reached skill level 4 in Fighting
   474 | D:1      | Reached XP level 3. HP: 33/33 MP: 2/2
   576 | D:1      | Reached ** piety under Trog
  1529 | D:2      | Reached XP level 4. HP: 38/41 MP: 3/3
  1752 | D:3      | Reached skill level 5 in Fighting
  1752 | D:3      | Reached XP level 5. HP: 31/48 MP: 4/4
  1938 | D:3      | Reached *** piety under Trog
  2236 | D:3      | Reached skill level 5 in Long Blades
  2493 | D:3      | Found a faded altar of an unknown god.
  2494 | D:3      | Noticed an orc warrior
  2512 | D:3      | Killed an orc warrior
  2512 | D:3      | Reached XP level 6. HP: 28/57 MP: 5/5
  2515 | D:3      | Reached skill level 6 in Fighting
  2944 | D:3      | Noticed Robin
  2964 | D:3      | Killed Robin
  3525 | D:4      | Reached XP level 7. HP: 54/64 MP: 6/6
  3555 | D:4      | Reached **** piety under Trog
  3677 | D:4      | Reached skill level 7 in Fighting
  4103 | D:5      | Entered Level 5 of the Dungeon
  4401 | D:5      | Found a glowing drain.
  4425 | D:5      | Reached skill level 5 in Armour
  5133 | D:6      | Reached skill level 8 in Fighting
  5133 | D:6      | Reached XP level 8. HP: 74/74 MP: 7/7
  5322 | D:6      | Reached skill level 5 in Dodging
  5836 | D:7      | Noticed a troll
  5856 | D:7      | Noticed a hippogriff
  5886 | D:7      | Found a staircase to the Ecumenical Temple.
  5916 | D:7      | Killed a troll
  5923 | D:7      | Killed a hippogriff
  5923 | D:7      | Reached skill level 9 in Fighting
  6197 | D:7      | Reached ***** piety under Trog
  6720 | D:8      | Noticed Pikel
  6727 | D:8      | Reached XP level 9. HP: 69/84 MP: 8/8
  6831 | D:8      | Killed Pikel
  6831 | D:8      | Reached skill level 10 in Fighting
  6980 | D:8      | Found a glowing silver altar of Zin.
  7019 | D:8      | Noticed a jumping spider
  7022 | D:8      | Noticed a troll
  7022 | D:8      | a jumping spider changed into a troll
  7024 | D:8      | Noticed a brown ugly thing
  7028 | D:8      | Killed a troll
  7045 | D:8      | Killed a brown ugly thing
  7045 | D:8      | Reached skill level 11 in Fighting
  7056 | D:8      | Slain by an orc warrior

Skill      XL: |  1  2  3  4  5  6  7  8  9 |
---------------+----------------------------+-----
Long Blades    | 4 5 6 7 8 |  8.6
Fighting       | 4 5 6 8 9 11 | 11.0
Armour         | 3 4 5 6 7 |  7.7
Dodging        | 3 4 6 7 |  7.1

Action                   |  1- 3 |  4- 6 |  7- 9 || total
-------------------------+-------+-------+-------++-------
Melee: Falchion          |    94 |   147 |   272 ||   513
       Headbutt          |    12 |    29 |    81 ||   122
Throw: Stone             |       |       |     2 ||     2
Invok: Berserk           |       |     2 |     3 ||     5
       Trog's Hand       |       |     1 |       ||     1
  Use: Scroll            |       |     3 |     2 ||     5
       Potion            |       |       |     3 ||     3
  Eat: Chunk             |     1 |     2 |    10 ||    13
       Ration            |       |     2 |     3 ||     5
Armor: Animal skin       |    12 |       |       ||    12
       Ring mail         |    19 |     6 |       ||    25
       Scale mail        |       |    15 |       ||    15
       Chain mail        |       |    42 |   152 ||   194
Dodge: Dodged            |    64 |    93 |   137 ||   294
       Rpst.: Falchion   |    15 |    29 |    39 ||    83
